Map: Year Zero LE

Players

Serral

  • Race: Zerg Zerg
  • Spawn Location: 1:00

Reynor - Winner!

  • Race: Zerg Zerg
  • League: Master
  • Spawn Location: 11:00

Event: 2019 WCS Winter Europe

VOD

Have the link to the VOD?

Description

Time

  • Played on: April 7, 2019, 4:03 p.m.
  • Length: 12:01

All games in this series

Show
View Real Time Build Order
Export as new Build Order

Serral Zerg 

Build Orders: Hatch First 

Get SALT Encoding   

  12  0:00  Drone  
  13  0:12  Overlord  
  13  0:17  Drone  
  14  0:31  Drone x2  
  16  0:50  Hatchery  
  16  0:52  Drone  
  16  0:56  Drone  
  17  0:59  Drone  
  18  1:11  Extractor  
  17  1:14  Spawning Pool  
  16  1:18  Drone  
  16  1:21  Drone  
  18  1:28  Drone  
  19  1:39  Drone  
  20  1:49  Drone  
  21  2:00  Overlord  
  21  2:01  Queen  
  21  2:02  Queen  
  21  2:03  Zergling x2  
  26  2:10  Metabolic Boost  
  26  2:11  Drone  
  26  2:14  Drone  
  28  2:22  Drone  
  29  2:23  Drone  
  30  2:37  Hatchery  
  30  2:39  Drone  
  30  2:43  Drone  
  31  2:45  Drone  
  31  2:49  Baneling Nest  
  31  2:55  Drone  
  31  2:56  Overlord  
  32  2:59  Drone  
  32  3:05  Zergling x2  
  34  3:11  Zergling x2  
  34  3:12  Zergling x2  
  36  3:15  Zergling x6  
  36  3:18  Drone, Overlord  
  40  3:23  Zergling x2  
  40  3:24  Drone  
  42  3:33  Queen  
  44  3:37  Drone x2  
  44  3:41  Drone x2  
  48  3:45  Evolution Chamber  
  48  3:47  Zergling x2  
  48  3:53  Overlord  
  48  3:55  Drone x3  
  50  3:56  Drone  
  50  3:59  Drone  
  50  4:01  Drone  
  53  4:03  Drone  
  53  4:07  Zergling x4  
  56  4:15  Baneling, Zerg Missile Weapons Level 1  
  56  4:16  Zergling x4  
  58  4:21  Zergling x4  
  58  4:23  Drone x3  
  63  4:28  Lair  
  63  4:30  Baneling  
  63  4:31  Baneling  
  63  4:32  Drone x2  
  63  4:36  Overlord  
  63  4:37  Drone  
  65  4:41  Extractor  
  65  4:44  Drone x2  
  66  4:48  Overlord  
  66  4:49  Extractor  
  66  4:51  Overlord, Roach Warren  
  64  4:53  Drone  
  64  4:54  Drone  
  64  4:56  Drone  
  64  4:58  Drone  
  61  5:00  Zergling x2  
  61  5:01  Drone x2  
  61  5:04  Drone  
  61  5:05  Drone x2  
  67  5:07  Pneumatized Carapace  
  67  5:10  Drone  
  67  5:14  Drone x3  
  71  5:17  Drone  
  71  5:18  Drone  
  73  5:23  Overlord  
  73  5:25  Drone x3, Extractor  
  73  5:26  Drone, Extractor  
  73  5:27  Drone  
  73  5:28  Drone  
  77  5:30  Drone x2  
  77  5:33  Drone x2  
  81  5:38  Extractor  
  81  5:40  Drone  
  81  5:41  Spire  
  80  5:46  Drone x2  
  82  5:50  Queen x2  
  82  5:52  Glial Reconstitution  
  82  5:54  Overseer  
  82  5:56  Queen  
  88  5:58  Drone  
  88  5:59  Drone  
  88  6:01  Drone  
  88  6:04  Roach x2  
  94  6:07  Roach x2  
  94  6:10  Zerg Missile Weapons Level 2  
  98  6:12  Overlord  
  98  6:16  Baneling x2  
  98  6:20  Overlord  
  98  6:21  Overlord  
  98  6:23  Spore Crawler x2  
  98  6:24  Spore Crawler  
  95  6:30  Spore Crawler  
  95  6:31  Ravager  
  95  6:32  Drone x3  
  98  6:36  Roach x4  
  106  6:43  Overlord x2  
  106  6:49  Overlord, Overseer  
  106  6:52  Overlord  
  106  6:55  Roach  
  106  6:56  Roach x5  
  106  7:00  Overlord x2  
  118  7:03  Zerg Flyer Armor Level 1  
  118  7:06  Overlord  
  118  7:07  Overlord  
  118  7:19  Corruptor x4  
  126  7:24  Baneling  
  126  7:27  Corruptor  
  126  7:28  Spore Crawler  
  126  7:36  Drone x2  
  127  7:37  Corruptor  
  127  7:38  Corruptor x2  
  127  7:42  Corruptor  
  135  7:48  Corruptor  
  135  7:57  Corruptor  
  135  7:58  Spore Crawler  
  135  8:06  Roach x6  
  145  8:18  Corruptor x2  
  149  8:20  Spore Crawler  
  148  8:28  Corruptor x2  
  152  8:35  Hatchery  
  152  8:38  Hatchery  
  152  8:39  Overlord x3  
  152  8:40  Roach x5  
  161  8:53  Corruptor x2  
  162  9:09  Corruptor x3  
  164  9:12  Spore Crawler  
  167  9:18  Overlord x2, Zerg Flyer Weapons Level 1  
  167  9:20  Corruptor  
  167  9:21  Hatchery  
  167  9:23  Zergling x8  
  171  9:38  Hatchery  
  166  9:40  Spore Crawler  
  166  9:41  Corruptor x3  
  161  9:53  Drone x4  
  161  9:55  Spore Crawler  
  161  9:57  Roach x4  
  161  9:58  Baneling x6  
  172  10:12  Roach x3  
  172  10:13  Roach  
  170  10:15  Roach  
  172  10:21  Roach  
  172  10:22  Extractor  
  172  10:25  Extractor, Corruptor x2  
  174  10:36  Roach x6  
  174  10:39  Roach  
  174  10:40  Roach  
  174  10:42  Roach  
  167  10:51  Corruptor x2  
  167  10:55  Roach  
  149  11:02  Roach  
  149  11:03  Roach x4  
  151  11:05  Roach  
  151  11:07  Roach  
  157  11:11  Roach x2  
  157  11:13  Roach  
  157  11:16  Roach  
  157  11:17  Roach  
  157  11:18  Roach x2  
  165  11:24  Roach x2  
  160  11:26  Roach  
  160  11:29  Roach  
  160  11:31  Ravager  
Show
View Real Time Build Order
Export as new Build Order

Reynor Zerg - Winner!

Build Orders: Hatch First 

Get SALT Encoding   

  12  0:00  Drone  
  13  0:13  Overlord  
  13  0:17  Drone  
  14  0:31  Drone x2  
  14  0:35  Drone  
  17  0:52  Hatchery  
  17  0:55  Drone  
  17  1:00  Drone  
  18  1:10  Extractor  
  17  1:15  Spawning Pool  
  16  1:19  Drone  
  16  1:22  Drone  
  18  1:28  Drone  
  19  1:39  Drone  
  20  1:50  Overlord  
  20  2:00  Drone  
  20  2:01  Extractor  
  20  2:02  Queen  
  20  2:04  Queen  
  20  2:05  Drone  
  26  2:13  Metabolic Boost  
  26  2:16  Drone  
  26  2:19  Drone  
  26  2:22  Drone  
  29  2:26  Zergling x2  
  30  2:39  Overlord  
  30  2:46  Hatchery  
  29  2:51  Baneling Nest  
  29  2:53  Drone  
  29  2:56  Zergling x2  
  30  2:59  Drone  
  30  3:02  Drone  
  30  3:03  Zergling x2  
  33  3:08  Drone  
  33  3:10  Zergling x2  
  33  3:11  Zergling x2  
  36  3:18  Drone x2  
  36  3:19  Drone  
  39  3:24  Overlord  
  39  3:28  Zergling x2  
  39  3:29  Drone  
  41  3:36  Baneling x2, Overlord  
  41  3:43  Baneling, Queen  
  41  3:44  Zergling x2  
  41  3:47  Zergling x2  
  45  3:53  Zergling x6  
  46  3:58  Drone  
  46  3:59  Drone x2  
  49  4:04  Drone x3  
  53  4:10  Drone  
  53  4:13  Lair  
  53  4:18  Drone x2  
  53  4:20  Baneling x2  
  53  4:21  Drone  
  56  4:26  Extractor x2, Drone x2  
  56  4:31  Drone  
  56  4:39  Drone  
  56  4:40  Drone  
  56  4:42  Drone  
  56  4:43  Extractor  
  58  4:46  Drone x3  
  58  4:48  Drone x2  
  63  4:54  Overlord  
  63  4:55  Drone x2, Evolution Chamber  
  63  4:58  Drone x2  
  63  4:59  Drone  
  66  5:01  Overlord  
  66  5:11  Spire  
  66  5:13  Drone x6  
  66  5:14  Drone  
  72  5:16  Drone  
  72  5:19  Extractor  
  72  5:20  Drone x2  
  74  5:21  Extractor  
  74  5:23  Zerg Melee Weapons Level 1  
  74  5:24  Drone  
  74  5:26  Drone x2  
  76  5:32  Zergling x8  
  76  5:35  Overlord  
  80  5:36  Zergling x2  
  80  5:42  Drone  
  82  5:44  Overlord  
  82  5:45  Overseer  
  82  5:53  Overlord  
  82  5:55  Drone x2  
  82  5:56  Zergling x8  
  88  5:59  Drone x2  
  88  6:00  Overlord  
  90  6:07  Drone  
  89  6:20  Hatchery  
  89  6:22  Mutalisk x8  
  104  6:26  Zerg Flyer Weapons Level 1  
  104  6:29  Mutalisk  
  104  6:31  Zergling x6  
  104  6:32  Zergling x2  
  109  6:34  Mutalisk  
  109  6:37  Overlord  
  111  6:41  Zergling x2  
  111  6:42  Zergling x4  
  111  6:44  Overlord  
  113  6:47  Overlord  
  113  6:56  Hatchery  
  113  6:57  Overlord  
  113  7:01  Overlord  
  113  7:02  Mutalisk x4  
  113  7:06  Overlord, Mutalisk  
  123  7:10  Zergling x12  
  123  7:13  Overlord  
  129  7:21  Mutalisk x2  
  133  7:23  Zergling x8  
  133  7:24  Zergling x2  
  138  7:33  Mutalisk  
  138  7:34  Mutalisk  
  138  7:36  Zergling x2  
  143  7:43  Zerg Melee Weapons Level 2  
  143  7:44  Drone x5  
  143  7:45  Drone x2  
  143  7:49  Overlord  
  149  7:51  Mutalisk x2  
  149  7:53  Drone x2  
  149  7:56  Overlord  
  149  7:57  Drone  
  154  8:07  Zergling x4  
  154  8:09  Mutalisk  
  154  8:12  Zergling x8  
  162  8:13  Extractor  
  162  8:14  Queen  
  162  8:16  Extractor  
  162  8:17  Mutalisk  
  164  8:20  Mutalisk  
  164  8:21  Mutalisk  
  164  8:23  Zergling x10  
  173  8:30  Overlord  
  173  8:31  Mutalisk  
  173  8:33  Overlord  
  175  8:38  Zerg Flyer Weapons Level 2  
  175  8:42  Overlord  
  175  8:49  Mutalisk x3  
  175  8:51  Zergling x6  
  175  8:52  Zergling x8  
  188  8:56  Hatchery  
  188  8:57  Mutalisk x2  
  191  9:07  Mutalisk x2  
  186  9:12  Zergling x8  
  186  9:13  Zergling x4  
  186  9:17  Mutalisk  
  191  9:18  Mutalisk  
  191  9:21  Zergling x6  
  191  9:23  Overlord  
  198  9:24  Mutalisk  
  198  9:37  Mutalisk x3  
  198  9:40  Zergling x2  
  187  9:50  Mutalisk  
  187  9:51  Mutalisk x2  
  187  9:52  Zergling x2  
  184  9:53  Zergling x30  
  199  10:03  Drone, Infestation Pit  
  186  10:14  Mutalisk x4  
  186  10:15  Mutalisk  
  186  10:19  Zergling x12  
  197  10:30  Mutalisk  
  197  10:33  Zergling x2  
  197  10:34  Zergling x4  
  190  10:43  Mutalisk x5  
  190  10:46  Extractor  
  190  10:49  Extractor, Zergling x2  
  180  10:50  Zergling x22  
  180  10:52  Mutalisk x2  
  180  10:56  Zergling x8  
  180  10:57  Zergling x6  
  186  11:01  Queen  
  180  11:05  Mutalisk x3  
  180  11:08  Zergling x4  
  184  11:13  Mutalisk  
  184  11:15  Zergling x8  
  190  11:18  Mutalisk  
  190  11:19  Mutalisk  
  190  11:24  Zergling x4  
  190  11:25  Zergling x8  
  181  11:29  Overseer x2  
  179  11:33  Mutalisk x3  
  179  11:36  Zergling x4  
Tags
 
Add a new tag
Caveats
  • Supply blocks, unpowered buildings, or Contaminate may cause inaccurate times.
  • Supply counts are checked every 10 seconds.